 Dungeon Crawl Stone Soup version 0.21.1-1-g345015f (webtiles) character file.

3677 Fang the Cleaver (level 10, -4/94 HPs)
             Began as a Gargoyle Berserker on May 17, 2018.
             Was a High Priest of Trog.
             Slain by Grum
             ... wielding a +0 spear
              (9 damage)
             ... on level 8 of the Dungeon on May 18, 2018.
             The game lasted 00:10:14 (6665 turns).

Fang the Cleaver (Gargoyle Berserker)               Turns: 6665, Time: 00:10:14

Health: -4/94      AC: 19    Str: 29    XL:     10   Next: 13%
Magic:  0/10       EV: 12    Int:  8    God:    Trog [*****.]
Gold:   417        SH:  0    Dex:  9    Spells: 9/9 levels left

rFire    x . .     SeeInvis .   a - +0 hand axe
rCold    + . .     Gourm    .   (no shield)
rNeg     + . .     Faith    .   w - +5 scale mail
rPois    ∞         Spirit   +   (no helmet)
rElec    +         Reflect  .   t - scarf {Spirit}
rCorr    .         Harm     .   (no gloves)
MR       +....                  (no boots)
Stlth    ..........             (no amulet)
HPRegen  0.25/turn              s - ring of ice
MPRegen  0.12/turn              v - ring of protection from magic

@: berserking (expiring), very quick
A: negative energy resistance 1, electricity resistance, unbreathing,
petrification resistance, rot immunity, AC +7
a: Berserk, Trog's Hand, Brothers in Arms, Burn Spellbooks, Renounce Religion


You were on level 8 of the Dungeon.
You worshipped Trog.
Trog was extremely pleased with you.
You were near starving.

You visited 1 branch of the dungeon, and saw 8 of its levels.

You collected 417 gold pieces.

Inventory:

Hand Weapons
 a - a +0 hand axe (weapon)
Armour
 t - a scarf of spirit shield (worn)
 w - a +5 scale mail (worn)
Jewellery
 s - a ring of ice (left hand)
 v - a ring of protection from magic (right hand)
Wands
 i - a wand of paralysis (22)
 k - a wand of enslavement (10)
Scrolls
 g - a scroll of remove curse
 h - 2 scrolls of magic mapping
 j - a scroll of fog
Potions
 d - 2 potions of berserk rage
 e - a potion of mutation
 f - 4 potions of flight
 l - 2 potions of heal wounds
 n - 2 potions of might
 o - a potion of haste
 p - a potion of ambrosia {unknown}
 q - 2 potions of cancellation {unknown}
 r - a potion of resistance
 u - 2 potions of curing
Comestibles
 c - 18 rations


   Skills:
 + Level 7.2 Fighting
 + Level 9.5 Axes
 + Level 3.3 Armour
 + Level 5.7 Dodging
 + Level 5.1 Stealth


You had 9 spell levels left.
You didn't know any spells.

Dungeon Overview and Level Annotations

Branches:
Dungeon (8/15)             Temple (0/1) D:6            Lair (0/6) D:8

Altars:
Cheibriados
Elyvilon
Fedhas
Makhleb
Trog
Uskayaw
Xom

Shops:
D:7 *[![

Annotations:
D:8 Grum


Innate Abilities, Weirdness & Mutations

You are resistant to torment.
Your stone body is resilient. (AC +7)
You are immune to poison.
You resist negative energy. (rN+)
You are resistant to electric shocks. (rElec)
You can survive without breathing.
You are immune to petrification.
You are immune to rotting.


Message History

You kill the wolf!
Trog accepts your kill. The wolf bites you but does no damage.
Grum closely misses you.
Unknown command.
You barely miss the wolf.
The wolf is severely wounded.
The wolf bites you!
* * * LOW HITPOINT WARNING * * *
Grum hits you from afar with a spear.
* * * LOW HITPOINT WARNING * * *
Unknown command.
You hit the wolf.
The wolf is almost dead.
The wolf bites you.
* * * LOW HITPOINT WARNING * * *
Unknown command.
You barely miss the wolf.
The wolf is almost dead.
The wolf bites you but does no damage. Grum hits you from afar with a spear!
You die...

#####.#
##..#).......†
#.....#
###..########...
#...###....#
##...
##........##
#....
##........#
#...# #...##...#
#...##
#..###...# #..##
#..# #....##...
#.@# #........#
#.h...........
#.g....#####
#### .....###
..... .....##
#.... #.....#
#..## #....## #.
.....# .


You could see Grum and a wolf.

Vanquished Creatures
  Pikel (D:4)
  A gargoyle (D:5)
  Menkaure (D:4)
  The ghost of suddenbreakfast the Digger, an amateur GrEE (D:4)
  2 hell hounds (D:8)
  A slave (D:4)
  3 ice beasts
  A sky beast (D:7)
  3 necrophages
  An orc warrior (D:6)
  An ogre (D:6)
  A black bear (D:7)
  The ghost of Saba the Shooter, an amateur CeHu (D:3)
  A wolf (D:8)
  A centaur (D:5)
  2 bullfrogs
  3 wights (D:6)
  4 howler monkeys (D:8)
  2 crimson imps
  A jelly (D:8)
  3 hounds
  An orc priest (D:5)
  2 centaur skeletons
  A quasit (D:8)
  A bullfrog skeleton (D:7)
  An iguana (D:6)
  8 worker ants
  7 orc wizards
  A hound skeleton (D:6)
  A worker ant zombie (D:5)
  3 gnolls (D:3)
  4 adders
  2 shadow imps
  An ooze (D:1)
  2 adder skeletons (D:5)
  An adder zombie (D:8)
  4 worms
  A dart slug (D:1)
  4 leopard geckos
  25 orcs
  12 bats
  2 giant cockroaches
  7 goblins
  12 hobgoblins
  6 jackals
  2 quokkas
  2 frilled lizards (D:2)
  10 kobolds
  5 rats
163 creatures vanquished.

Vanquished Creatures (others)
  4 jackals (D:6)
4 creatures vanquished.

Grand Total: 167 creatures vanquished

Notes
Turn   | Place    | Note
-------+----------+-------------------------------------------
     0 | D:1      | Fang the Gargoyle Berserker began the quest for the Orb.
     0 | D:1      | Reached XP level 1. HP: 14/14 MP: 1/1
    61 | D:1      | Found a shimmering altar of Xom.
   215 | D:1      | Reached XP level 2. HP: 17/19 MP: 2/2
   219 | D:1      | Reached skill level 3 in Axes
   623 | D:1      | Reached XP level 3. HP: 24/24 MP: 3/3
   731 | D:1      | Reached ** piety under Trog
   957 | D:2      | Noticed a necrophage
   969 | D:2      | Killed a necrophage
   969 | D:2      | Reached skill level 1 in Stealth
   969 | D:2      | Reached XP level 4. HP: 29/29 MP: 4/4
   969 | D:2      | Reached XP level 5. HP: 33/33 MP: 5/5
  1793 | D:3      | Found a hide-covered altar of Uskayaw.
  1795 | D:3      | Found a bloodstained altar of Trog.
  1795 | D:3      | Found a blossoming altar of Fedhas.
  1795 | D:3      | Noticed Saba's ghost (amateur CeHu)
  1807 | D:3      | Killed Saba's ghost
  1807 | D:3      | Reached skill level 4 in Axes
  1807 | D:3      | Reached XP level 6. HP: 39/39 MP: 6/6
  1808 | D:3      | Found a white marble altar of Elyvilon.
  1816 | D:3      | Found a burning altar of Makhleb.
  2444 | D:4      | Reached *** piety under Trog
  2461 | D:4      | Noticed suddenbreakfast's ghost (amateur GrEE)
  2481 | D:4      | Killed suddenbreakfast's ghost
  2483 | D:4      | Reached XP level 7. HP: 44/44 MP: 5/7
  2616 | D:4      | Noticed Menkaure
  2622 | D:4      | Killed Menkaure
  2622 | D:4      | Reached skill level 5 in Axes
  3105 | D:4      | Noticed Pikel
  3118 | D:4      | Killed Pikel
  3118 | D:4      | Reached skill level 5 in Fighting
  3118 | D:4      | Reached skill level 6 in Axes
  3118 | D:4      | Reached XP level 8. HP: 49/49 MP: 6/8
  3261 | D:5      | Entered Level 5 of the Dungeon
  3271 | D:5      | Noticed a gargoyle
  3284 | D:5      | Killed a gargoyle
  3284 | D:5      | Reached skill level 7 in Axes
  4074 | D:5      | Reached XP level 9. HP: 39/55 MP: 7/9
  4264 | D:6      | Found a staircase to the Ecumenical Temple.
  4508 | D:6      | Reached skill level 8 in Axes
  4512 | D:6      | Reached **** piety under Trog
  4512 | D:6      | Reached skill level 5 in Dodging
  4732 | D:6      | Found a snail-covered altar of Cheibriados.
  5436 | D:7      | Found Nugijong's Antique Armour Shoppe.
  5438 | D:7      | Found Zieclye's Distillery.
  5438 | D:7      | Found Misoyhuv's Antique Armour Shoppe.
  5440 | D:7      | Found Tuppaiha's General Store.
  5707 | D:7      | Reached skill level 9 in Axes
  6049 | D:8      | Found a staircase to the Lair.
  6062 | D:8      | Reached skill level 5 in Stealth
  6254 | D:8      | Reached XP level 10. HP: 61/63 MP: 8/10
  6600 | D:8      | Reached ***** piety under Trog
  6643 | D:8      | Noticed Grum
  6665 | D:8      | Slain by Grum

Skill      XL: |  1  2  3  4  5  6  7  8  9 10 |
---------------+-------------------------------+-----
Axes           | 3 4 6 7 9 |  9.5
Dodging        | 2 3 4 5 |  5.7
Fighting       | 4 5 6 7 |  7.2
Stealth        | 1 2 3 4 5 |  5.1
Armour         | 3 |  3.3

Action                   |  1- 3 |  4- 6 |  7- 9 | 10-12 || total
-------------------------+-------+-------+-------+-------++-------
Melee: Hand axe          |   105 |   130 |   452 |   100 ||   787
Invok: Berserk           |     2 |     3 |     6 |     1 ||    12
       Burn Spellbooks   |       |     1 |     1 |     1 ||     3
  Use: Scroll            |       |       |    19 |     1 ||    20
 Stab: Sleeping          |     2 |       |     9 |       ||    11
  Eat: Chunk             |     1 |     7 |    14 |       ||    22
       Ration            |       |       |     2 |       ||     2
Armor: Animal skin       |    50 |    41 |   138 |       ||   229
       Scale mail        |       |       |    17 |    80 ||    97
       Skin              |       |       |     4 |       ||     4
Dodge: Dodged            |    86 |    70 |   281 |    73 ||   510
